 Dungeon Crawl Stone Soup version 0.31-a0-1074-g0b22e4e0f1 (webtiles) character file.

Game seed: 4463166226557969555

43 grandjackal the Trooper (level 3, -2/30 HPs)
             Began as a Djinni Monk on Nov 30, 2023.
             Slain by a goblin
             ... wielding a +0 club
             ... led by Robin
              (6 damage)
             ... on level 2 of the Dungeon.
             The game lasted 00:01:46 (1066 turns).

grandjackal the Trooper (Djinni Monk)               Turns: 1066, Time: 00:01:47

Health: -2/30      AC:  2    Str: 10    XL:     3   Next: 82%
Gold:   46         EV: 13    Int: 13    God:
                   SH:  0    Dex: 15

rFire   + + .        a - +0 spear
rCold   x . .        d - orb {light}
rNeg    . . .        b - +0 robe
rPois   ∞            (no helmet)
rElec   .            (no cloak)
rCorr   .            (no gloves)
SInv    .            (boots unavailable)
Will    .....        (no amulet)
Stlth   +            (no ring)
HPRegen 0.25/turn    (no ring)
MPRegen 0.00/turn

%: infuse magic (-3 HP)
@: flying, very slightly contaminated, glowing
A: sickness immunity, fire resistance 2, cold vulnerability 1, float, innate
caster, HP casting, extra vitality 1
a: no special abilities


You were on level 2 of the Dungeon.
You visited 1 branch of the dungeon, and saw 2 of its levels.

You collected 46 gold pieces.

Inventory:

Hand Weapons
 a - a +0 spear (weapon)
Armour
 b - a +0 robe (worn)
 d - an orb of light (worn)
Scrolls
 e - a scroll of noise {unknown}
 f - a scroll of immolation {unknown}
 g - a scroll of acquirement {unknown}
 h - a scroll of identify {unknown}
 i - a scroll of vulnerability {unknown}
 l - a scroll of torment {unknown}
 n - a scroll of poison {unknown}
Potions
 c - a potion of ambrosia
 j - a potion of mutation {unknown}
 k - a potion of lignification {unknown}
 m - 2 potions of brilliance {unknown}


   Skills:
 + Level 3.4 Fighting
 - Level 2.4(2.6) Polearms
 + Level 1.1(2.1) Staves
 - Level 3.3 Dodging
 * Level 1.3 Spellcasting
 * Level 1.3 Conjurations
 * Level 1.3 Hexes
   Level 0.0 Charms
 * Level 1.3 Summonings
 * Level 1.3 Necromancy
 * Level 1.3 Translocations
 * Level 1.3 Transmutations
 * Level 1.3 Fire Magic
 * Level 1.3 Ice Magic
 * Level 1.3 Air Magic
 * Level 1.3 Earth Magic
 * Level 1.3 Poison Magic


You knew the following spells:

 Your Spells              Type           Power      Damage    Failure   Level
a - Shock                 Conj/Air       16%        1d4       16%         1
Your spell library was empty.

Dungeon Overview and Level Annotations

Branches:
Dungeon (2/15)

Altars:

Annotations:
D:2 Robin, Terence


Innate Abilities, Weirdness & Mutations

You are immune to sickness and miasma.
You are immune to poison.
Your flesh is very heat resistant. (rF++)
You are vulnerable to cold. (rC-)
You float through the air rather than walking.
You learn spells naturally, not from books.
Your magical power is your life essence.
You have superior vitality. (+4 MHP)


Message History

Unknown command.
Casting: Shock (safe; 16% risk of failure)
Confirm with . or Enter, or press ? or * to list all spells.
Aiming: Shock (safe; 16% risk of failure)
Press: ? - help, Shift-Dir - straight line, f/p - Robin
Aim: Robin, wielding a +0 trident, wearing a +0 animal skin and wearing a +0 helmet (lightly wounded, 74% to hit)
The zap hits the goblin.
The goblin is heavily wounded.
The zap hits the goblin.
The goblin is severely wounded.
The zap hits Robin.
Robin is moderately wounded.
The zap hits the endoplasm.
The endoplasm is moderately wounded.
The goblin hits you with a +0 dagger.
* * * LOW HITPOINT WARNING * * *
The goblin hits you with a +0 dagger.
* * * LOW HITPOINT WARNING * * *
The hobgoblin barely misses you. The goblin closely misses you. x2
The hobgoblin barely misses you.
Robin roars a battlecry!
The goblins go into a battle-frenzy!
Unknown command.
Casting: Shock (safe; 16% risk of failure)
Confirm with . or Enter, or press ? or * to list all spells.
Aiming: Shock (safe; 16% risk of failure)
Press: ? - help, Shift-Dir - straight line, f/p - Robin
Aim: Robin, wielding a +0 trident, wearing a +0 animal skin and wearing a +0 helmet (moderately wounded, 74% to hit)
The zap hits the goblin.
You kill the goblin!
The zap hits the goblin.
You kill the goblin!
The zap hits Robin.
Robin is moderately wounded.
* * * LOW HITPOINT WARNING * * *
The goblin hits you but does no damage. The hobgoblin barely misses you.
The goblin hits you with a +0 dagger.
* * * LOW HITPOINT WARNING * * *
The hobgoblin misses you. The goblin hits you with a +0 club.
You die...

.... #w.# #g.# #.?#
#Jg# .# #g.# ####.#
#)g# #..#.#
######@g# #..#.#
.....Sggg######..#.#
.#....##.........#.#
#.... ########.##.#
. #...
#.........##... #...
#......#....... #..
########.#####+ #..
#.....##.# #.
#.###.##.# #.


You could see a worm, Robin, an endoplasm, 2 hobgoblins, 5 goblins and a ball
python.

Vanquished Creatures
  3 dart slugs
  A ball python (D:1)
  An endoplasm (D:2)
  3 giant cockroaches (D:1)
  5 goblins
  3 hobgoblins
  2 jackals (D:1)
  A quokka (D:1)
  3 bats
  14 frilled lizards (D:1)
  4 rats
40 creatures vanquished.

Notes
Turn   | Place    | Note
-------+----------+-------------------------------------------
     0 | D:1      | grandjackal the Djinni Monk began the quest for the Orb.
     0 | D:1      | Reached XP level 1. HP: 20/20 MP: 0/0
    74 | D:1      | Found a faded altar of an unknown god.
    95 | D:1      | Reached XP level 2. HP: 25/25 MP: 0/0
   295 | D:1      | Reached XP level 3. HP: 30/30 MP: 0/0
   295 | D:1      | Learned a level 1 spell: Shock
   296 | D:1      | Reached skill level 1 in Spellcasting
   296 | D:1      | Reached skill level 1 in Conjurations
   296 | D:1      | Reached skill level 1 in Hexes
   296 | D:1      | Reached skill level 1 in Summonings
   296 | D:1      | Reached skill level 1 in Necromancy
   296 | D:1      | Reached skill level 1 in Translocations
   296 | D:1      | Reached skill level 1 in Transmutations
   296 | D:1      | Reached skill level 1 in Fire Magic
   296 | D:1      | Reached skill level 1 in Ice Magic
   296 | D:1      | Reached skill level 1 in Air Magic
   296 | D:1      | Reached skill level 1 in Earth Magic
   296 | D:1      | Reached skill level 1 in Poison Magic
   754 | D:2      | Noticed Terence
   879 | D:2      | Reached skill level 1 in Staves
  1057 | D:2      | Noticed Robin
  1066 | D:2      | Slain by a goblin

Illustrated notes

Levels and vault maps discovered:
D:1:      psy_arrival_statuary, layout_loops_ring,
          hellmonk_ecumenical_altar_crossroads, minmay_lizard_pond
D:2:      layout_basic, dk_noncrumbling_2, uniq_terence, uniq_robin

Skill      XL: |  1  2  3 |
---------------+----------+-----
Spellcasting   | 1 |  1.3
Conjurations   | 1 |  1.3
Hexes          | 1 |  1.3
Summonings     | 1 |  1.3
Necromancy     | 1 |  1.3
Translocations | 1 |  1.3
Transmutations | 1 |  1.3
Fire Magic     | 1 |  1.3
Ice Magic      | 1 |  1.3
Air Magic      | 1 |  1.3
Earth Magic    | 1 |  1.3
Poison Magic   | 1 |  1.3
Staves         | 1 |  1.1
Fighting       | |  3.4
Polearms       | |  2.4
Dodging        | |  3.3

Action                     || total
---------------------------++-------
  Melee: Spear             ||    89
   Cast: Shock             ||     9
   Stab: Sleeping          ||     1
 Armour: Robe              ||    38
  Dodge: Dodged            ||    57

Table legend: (Time is in decaauts)
 A = Elapsed time spent in this place.
 B = Non-inter-level travel time spent in this place.
 C = Inter-level travel time spent in this place.
 D = Time resting spent in this place.
 E = Time spent auto-exploring this place.
 F = Levels seen in this place.
 G = Mean time per level.
                   A        B        C        D        E       F      G
               +--------+--------+--------+--------+--------+-----+--------+
         Total |   1064 |    986 |     78 |     13 |    724 |   2 |  532.0 |
       Dungeon |   1064 |    986 |     78 |     13 |    724 |   2 |  532.0 |
               +--------+--------+--------+--------+--------+-----+--------+

Top non-repeatable levels by time:
     D:1: 740 daAuts
     D:2: 324 daAuts
